TOP OF THE 1ST |
Nassau Rockets batting - Pitching for St. Louis Browns : RHP Aaron Palmer
|
Pitching: RHP Aaron Palmer
|
|
Batting: LHB Don Ramey
|
0-0: Called Strike 0-1: SINGLE (Popup, 4D)
|
Batting: LHB Doug Thompson
|
0-0: Ball 1-0: Ball 2-0: Called Strike 2-1: SINGLE (Groundball, 6M) (infield hit) Don Ramey to second
|
Batting: SHB Howard Parker
|
0-0: Ball 1-0: Called Strike 1-1: Swinging Strike 1-2: Foul Ball, location: 2F 1-2: Ball 2-2: Ball 3-2: Ground out 4-3 (Groundball, 34D) Don Ramey to third Doug Thompson to second
|
Batting: LHB Andrew Alvarado
|
0-0: Called Strike 0-1: Foul Ball, location: 2F 0-2: Ball 1-2: Foul Ball, location: 2F 1-2: Fly out, F7 (Flyball, 7) Runner from 3rd tags up, SCORES, no throw
|
Batting: LHB Bob Martin
|
0-0: Called Strike 0-1: Ball 1-1: Ground out 4-3 (Groundball, 4)
|
Top of the 1st over - 1 run(s), 2 hit(s), 0 error(s), 1 left on base; Nassau 1 - St. Louis 0 |
BOTTOM OF THE 1ST |
St. Louis Browns batting - Pitching for Nassau Rockets : RHP José García
|
Pitching: RHP José García
|
|
Batting: LHB Robin Hill
|
0-0: Swinging Strike 0-1: Called Strike 0-2: SINGLE (Groundball, 56D)
|
Batting: LHB Bob Ware
|
0-0: Ball 1-0: Ball 2-0: Fly out, F8 (Flyball, 78S)
|
Batting: LHB Mike Hill
|
0-0: Called Strike 0-1: 2-RUN HOME RUN (Flyball, 78XD), Distance : 399 ft
|
Batting: RHB Carlos Alfaro
|
0-0: Foul Ball, location: 2F 0-1: Called Strike 0-2: Foul Ball, location: 2F 0-2: Foul Ball, location: 2F 0-2: Ball 1-2: Ground out 5-3 (Groundball, 56S)
|
Batting: RHB Jeff Jones
|
0-0: Ball 1-0: Foul Ball, location: 2F 1-1: Ball 2-1: Fly out, F8 (Flyball, 8RXD)
|
Bottom of the 1st over - 2 run(s), 2 hit(s), 0 error(s), 0 left on base; Nassau 1 - St. Louis 2 |
TOP OF THE 2ND |
Nassau Rockets batting - Pitching for St. Louis Browns : RHP Aaron Palmer
|
Batting: RHB Salvador Borbón
|
0-0: Ball 1-0: Called Strike 1-1: Fly out, F8 (Flyball, 8RD)
|
Batting: LHB Wilson Allen
|
0-0: Foul Ball, location: 2F 0-1: Swinging Strike 0-2: Strikes out swinging
|
Batting: RHB Rubén Matos
|
0-0: Ball 1-0: Called Strike 1-1: Ground out 5-3 (Groundball, 5)
|
Top of the 2nd over - 0 run(s), 0 hit(s), 0 error(s), 0 left on base; Nassau 1 - St. Louis 2 |
BOTTOM OF THE 2ND |
St. Louis Browns batting - Pitching for Nassau Rockets : RHP José García
|
Batting: LHB Jorge Torres
|
0-0: Foul Ball, location: 2F 0-1: Fly out, F7 (Flyball, 7D)
|
Batting: SHB David Johnstone
|
0-0: Ball 1-0: Ball 2-0: Called Strike 2-1: Foul Ball, location: 2F 2-2: Ball 3-2: SINGLE (Groundball, 6D)
|
Batting: LHB Dave Watson
|
0-0: Ball 1-0: Swinging Strike 1-1: Ball 2-1: Swinging Strike 2-2: Foul Ball, location: 2F 2-2: Strikes out swinging
|
Batting: LHB Bill Murphy
|
0-0: Foul Ball, location: 2F 0-1: Ball 1-1: Foul Ball, location: 2F 1-2: SINGLE (Line Drive, 34) David Johnstone to second
|
Batting: LHB Robin Hill
|
0-0: Ball 1-0: Swinging Strike 1-1: Ball 2-1: Swinging Strike 2-2: Fly out, F8 (Flyball, 8RS)
|
Bottom of the 2nd over - 0 run(s), 2 hit(s), 0 error(s), 2 left on base; Nassau 1 - St. Louis 2 |
TOP OF THE 3RD |
Nassau Rockets batting - Pitching for St. Louis Browns : RHP Aaron Palmer
|
Batting: LHB Rafael Delgado
|
0-0: Bunt for hit - play at first, batter safe!
|
Batting: LHB Don Ramey
|
0-0: Ball 1-0: Ball 2-0: Called Strike 2-1: Fielders Choice at 2nd, 6-4 (Groundball, 6M)
|
Batting: LHB Doug Thompson
|
0-0: Reached on error, E7 (Flyball, 7) Don Ramey to second
|
Batting: SHB Howard Parker
|
0-0: Foul Ball, location: 2F 0-1: Foul Ball, location: 2F 0-2: Strikes out swinging
|
Batting: LHB Andrew Alvarado
|
0-0: Ball 1-0: Ball 2-0: Ball 3-0: Called Strike 3-1: Fly out, F7 (Flyball, 7S)
|
Top of the 3rd over - 0 run(s), 1 hit(s), 1 error(s), 2 left on base; Nassau 1 - St. Louis 2 |
BOTTOM OF THE 3RD |
St. Louis Browns batting - Pitching for Nassau Rockets : RHP José García
|
Batting: LHB Bob Ware
|
0-0: Fly out, F7 (Flyball, 7S)
|
Batting: LHB Mike Hill
|
0-0: Fly out, F6 (Popup, 56D)
|
Batting: RHB Carlos Alfaro
|
0-0: Fly out, F4 (Popup, 34D)
|
Bottom of the 3rd over - 0 run(s), 0 hit(s), 0 error(s), 0 left on base; Nassau 1 - St. Louis 2 |
TOP OF THE 4TH |
Nassau Rockets batting - Pitching for St. Louis Browns : RHP Aaron Palmer
|
Batting: LHB Bob Martin
|
0-0: Fly out, F9 (Line Drive, 9)
|
Batting: RHB Salvador Borbón
|
0-0: Ball 1-0: Called Strike 1-1: Foul Ball, location: 2F 1-2: Ball 2-2: Ball 3-2: SINGLE (Groundball, 56D)
|
Batting: LHB Wilson Allen
|
0-0: Called Strike 0-1: Ball 1-1: Ball 2-1: Ground out 5-3 (Groundball, 56S) Salvador Borbón to second
|
Batting: RHB Rubén Matos
|
0-0: Foul Ball, location: 2F 0-1: Ball 1-1: Reached on error, E5 (Groundball, 5S) Salvador Borbón to third
|
Batting: LHB Rafael Delgado
|
0-0: Ball 1-0: Called Strike 1-1: Foul Ball, location: 2F 1-2: Strikes out swinging
|
Top of the 4th over - 0 run(s), 1 hit(s), 1 error(s), 2 left on base; Nassau 1 - St. Louis 2 |
BOTTOM OF THE 4TH |
St. Louis Browns batting - Pitching for Nassau Rockets : RHP José García
|
Batting: RHB Jeff Jones
|
0-0: Called Strike 0-1: Foul Ball, location: 2F 0-2: Ball 1-2: Foul Ball, location: 2F 1-2: Ball 2-2: Strikes out looking
|
Batting: LHB Jorge Torres
|
0-0: Ball 1-0: Foul Ball, location: 2F 1-1: Ground out 1-3 (Groundball, 13)
|
Batting: SHB David Johnstone
|
0-0: Called Strike 0-1: Swinging Strike 0-2: Strikes out looking
|
Bottom of the 4th over - 0 run(s), 0 hit(s), 0 error(s), 0 left on base; Nassau 1 - St. Louis 2 |
TOP OF THE 5TH |
Nassau Rockets batting - Pitching for St. Louis Browns : RHP Aaron Palmer
|
Batting: LHB Don Ramey
|
0-0: Ball 1-0: Ball 2-0: Foul Ball, location: 2F 2-1: Ball 3-1: Base on Balls
|
Batting: LHB Doug Thompson
|
0-0: Swinging Strike 0-1: Fly out, F9 (Flyball, 9LSF)
|
Batting: SHB Howard Parker
|
0-0: Ball 1-0: TRIPLE (Line Drive, 9LS) Don Ramey scores
|
Batting: LHB Andrew Alvarado
|
0-0: Intentional Walk
|
Batting: LHB Bob Martin
|
0-0: Ball 1-0: Ball 2-0: Called Strike 2-1: Ball 3-1: Reached on error, E4 (Groundball, 34) Howard Parker scores Andrew Alvarado to second
|
Batting: RHB Salvador Borbón
|
0-0: Called Strike 0-1: Ball 1-1: Ball 2-1: Foul Ball, location: 2F 2-2: SINGLE (Groundball, 6MD) Andrew Alvarado to third Bob Martin to second Runner from 3rd tries for Home, SAFE, throw made home Bob Martin to third Salvador Borbón to second
|
Batting: LHB Wilson Allen
|
0-0: Intentional Walk
|
Batting: RHB Rubén Matos
|
0-0: Grounds into double play, 4-6-3 (Groundball, 4)
|
Top of the 5th over - 3 run(s), 2 hit(s), 1 error(s), 2 left on base; Nassau 4 - St. Louis 2 |
BOTTOM OF THE 5TH |
St. Louis Browns batting - Pitching for Nassau Rockets : RHP José García
|
Batting: LHB Dave Watson
|
0-0: Called Strike 0-1: Foul Ball, location: 2F 0-2: Ball 1-2: Foul Ball, location: 2F 1-2: Fly out, F8 (Flyball, 89D)
|
Batting: LHB Bill Murphy
|
0-0: Called Strike 0-1: Ball 1-1: Ball 2-1: Fly out, F8 (Flyball, 78S)
|
Batting: LHB Robin Hill
|
0-0: SINGLE (Line Drive, 8RS)
|
Batting: LHB Bob Ware
|
0-0: Ball 1-0: Foul Ball, location: 2F 1-1: Fly out, F3 (Line Drive, 3S)
|
Bottom of the 5th over - 0 run(s), 1 hit(s), 0 error(s), 1 left on base; Nassau 4 - St. Louis 2 |
TOP OF THE 6TH |
Nassau Rockets batting - Pitching for St. Louis Browns : RHP Aaron Palmer
|
Batting: LHB Rafael Delgado
|
0-0: Called Strike 0-1: Swinging Strike 0-2: DOUBLE (Line Drive, 78M)
|
Pitching: RHP Cristóbal Gómez
|
|
Batting: LHB Don Ramey
|
0-0: Ball 1-0: Ball 2-0: SINGLE (Groundball, 4MD) Rafael Delgado to third Runner from 3rd tries for Home, SAFE, no throw
|
Batting: LHB Doug Thompson
|
0-0: Swinging Strike 0-1: Ball 1-1: Swinging Strike 1-2: Strikes out looking
|
Batting: SHB Howard Parker
|
0-0: Ball 1-0: Called Strike 1-1: Swinging Strike 1-2: Ball Wild Pitch! Don Ramey to second 2-2: Strikes out swinging
|
Batting: LHB Andrew Alvarado
|
0-0: Ball 1-0: Called Strike 1-1: Ball 2-1: Swinging Strike 2-2: Foul Ball, location: 2F 2-2: Foul Ball, location: 2F 2-2: Foul Ball, location: 2F 2-2: Ball 3-2: Fly out, F7 (Flyball, 78D)
|
Top of the 6th over - 1 run(s), 2 hit(s), 0 error(s), 1 left on base; Nassau 5 - St. Louis 2 |
BOTTOM OF THE 6TH |
St. Louis Browns batting - Pitching for Nassau Rockets : RHP José García
|
Batting: LHB Mike Hill
|
0-0: Ball 1-0: Ground out 6-3 (Groundball, 6)
|
Batting: RHB Carlos Alfaro
|
0-0: Called Strike 0-1: Foul Ball, location: 2F 0-2: Ball 1-2: SINGLE (Line Drive, 5D)
|
Batting: RHB Jeff Jones
|
Pickoff Throw to First - Error! E1 Carlos Alfaro to second Pickoff Throw to Second - Error! E1 Carlos Alfaro to third 0-0: Ball 1-0: Called Strike 1-1: Ball 2-1: Swinging Strike 2-2: Strikes out swinging
|
Batting: LHB Jorge Torres
|
0-0: SINGLE (Groundball, 56D) Carlos Alfaro scores
|
Batting: SHB David Johnstone
|
0-0: Called Strike 0-1: Ball 1-1: Ball 2-1: Foul Ball, location: 2F 2-2: DOUBLE (Line Drive, 9LM) Jorge Torres to third Runner from 3rd tries for Home, SAFE, throw made at trailing runner, SAFE at third!
|
Batting: LHB Dave Watson
|
0-0: Ball 1-0: Swinging Strike 1-1: Ball 2-1: Called Strike 2-2: Foul Ball, location: 2F 2-2: Ball 3-2: DOUBLE (Line Drive, 8RXD) David Johnstone scores
|
Pitching: RHP Luis Cortéz
|
|
Batting: LHB Bill Murphy
|
0-0: Ground out 1-3 (Groundball, 13)
|
Bottom of the 6th over - 3 run(s), 4 hit(s), 2 error(s), 1 left on base; Nassau 5 - St. Louis 5 |
TOP OF THE 7TH |
Nassau Rockets batting - Pitching for St. Louis Browns : RHP Cristóbal Gómez
|
Pitching: LHP Luis Noriega
|
|
Pinch Hitting: RHB Pete Harvey
|
0-0: Ball 1-0: Ball 2-0: Called Strike 2-1: Swinging Strike 2-2: Strikes out swinging
|
Batting: RHB Salvador Borbón
|
0-0: Ball 1-0: Ball 2-0: Foul Ball, location: 2F 2-1: Called Strike 2-2: Ball 3-2: Base on Balls
|
Pitching: LHP Miguel Martínez
|
|
Batting: LHB Wilson Allen
|
0-0: Ball 1-0: Ball 2-0: Swinging Strike 2-1: Foul Ball, location: 2F 2-2: Strikes out swinging
|
Batting: RHB Rubén Matos
|
0-0: Called Strike 0-1: SINGLE (Flyball, 4D) Salvador Borbón to second Runner from 2nd tries for 3rd, SAFE, throw made to third
|
Pinch Hitting: SHB Edgardo Osorio
|
0-0: Ball 1-0: Ball 2-0: Called Strike 2-1: Foul Ball, location: 2F 2-2: Ball 3-2: Ground out 6-3 (Groundball, 6)
|
Top of the 7th over - 0 run(s), 1 hit(s), 0 error(s), 2 left on base; Nassau 5 - St. Louis 5 |
BOTTOM OF THE 7TH |
St. Louis Browns batting - Pitching for Nassau Rockets : RHP Luis Cortéz
|
Pitching: LHP Luis Valentín
|
|
Now at 3B: Pete Harvey
|
|
Now in CF: Edgardo Osorio
|
|
Batting: LHB Robin Hill
|
0-0: Fly out, F2 (Popup, 2L)
|
Batting: LHB Bob Ware
|
0-0: Called Strike 0-1: Foul Ball, location: 2F 0-2: Ball 1-2: Foul Ball, location: 2F 1-2: Ball 2-2: Foul Ball, location: 2F 2-2: Strikes out swinging
|
Pitching: RHP Ju-choer Yi
|
|
Batting: LHB Mike Hill
|
0-0: Ball 1-0: Called Strike 1-1: Ball 2-1: Ball 3-1: Called Strike 3-2: Foul Ball, location: 2F 3-2: Base on Balls
|
Batting: RHB Carlos Alfaro
|
0-0: Ball 1-0: Ball 2-0: Called Strike 2-1: DOUBLE (Line Drive, 7D) Mike Hill to third Runner from 3rd tries for Home, throw and OUT!
|
Bottom of the 7th over - 0 run(s), 1 hit(s), 0 error(s), 1 left on base; Nassau 5 - St. Louis 5 |
TOP OF THE 8TH |
Nassau Rockets batting - Pitching for St. Louis Browns : LHP Miguel Martínez
|
Batting: LHB Don Ramey
|
0-0: Called Strike 0-1: Ball 1-1: Ball 2-1: Ball 3-1: Fly out, F7 (Flyball, 7LM)
|
Batting: LHB Doug Thompson
|
0-0: Called Strike 0-1: Foul Ball, location: 2F 0-2: Ball 1-2: Foul Ball, location: 2F 1-2: Strikes out swinging
|
Batting: SHB Howard Parker
|
0-0: Foul Ball, location: 2F 0-1: Ball 1-1: Ball 2-1: Ball 3-1: Called Strike 3-2: Fly out, F8 (Flyball, 8RM)
|
Top of the 8th over - 0 run(s), 0 hit(s), 0 error(s), 0 left on base; Nassau 5 - St. Louis 5 |
BOTTOM OF THE 8TH |
St. Louis Browns batting - Pitching for Nassau Rockets : RHP Ju-choer Yi
|
Batting: RHB Jeff Jones
|
0-0: Ball 1-0: Swinging Strike 1-1: Swinging Strike 1-2: Strikes out swinging
|
Batting: LHB Jorge Torres
|
0-0: Ball 1-0: Called Strike 1-1: Ball 2-1: Foul Ball, location: 2F 2-2: SINGLE (Groundball, 3D)
|
Batting: SHB David Johnstone
|
0-0: Ball 1-0: Ball 2-0: Called Strike 2-1: Ball 3-1: Fly out, F7 (Flyball, 7D)
|
Batting: LHB Dave Watson
|
0-0: Ball 1-0: Foul Ball, location: 2F 1-1: Foul Ball, location: 2F 1-2: Foul Ball, location: 2F 1-2: SINGLE (Flyball, 7S) Jorge Torres to second
|
Batting: LHB Bill Murphy
|
0-0: Foul Ball, location: 2F 0-1: Ball 1-1: Foul Ball, location: 2F 1-2: Fielders Choice at 2nd, 6-4 (Groundball, 6)
|
Bottom of the 8th over - 0 run(s), 2 hit(s), 0 error(s), 1 left on base; Nassau 5 - St. Louis 5 |
TOP OF THE 9TH |
Nassau Rockets batting - Pitching for St. Louis Browns : LHP Miguel Martínez
|
Pitching: RHP António López
|
|
Batting: LHB Andrew Alvarado
|
0-0: Called Strike 0-1: Ball 1-1: Swinging Strike 1-2: Ground out 4-3 (Groundball, 4)
|
Batting: RHB Pete Harvey
|
0-0: Ball 1-0: Ball 2-0: Ball 3-0: Called Strike 3-1: Called Strike 3-2: SOLO HOME RUN (Flyball, 78XD), Distance : 397 ft
|
Batting: RHB Salvador Borbón
|
0-0: Ball 1-0: Fly out, F8 (Flyball, 8LD)
|
Pitching: LHP Darren Blackwell
|
|
Batting: LHB Wilson Allen
|
0-0: Ball 1-0: SINGLE (Groundball, 34D)
|
Pitching: RHP Beau Brown
|
|
Batting: RHB Rubén Matos
|
0-0: Ball 1-0: Ball 2-0: Called Strike 2-1: Fielders Choice at 2nd, 4-6 (Groundball, 4)
|
Top of the 9th over - 1 run(s), 2 hit(s), 0 error(s), 0 left on base; Nassau 6 - St. Louis 5 |
BOTTOM OF THE 9TH |
St. Louis Browns batting - Pitching for Nassau Rockets : RHP Ju-choer Yi
|
Pitching: RHP Guan-cai Yong
|
|
Batting: LHB Robin Hill
|
0-0: Ball 1-0: Ground out 3-1 (Groundball, 34)
|
Batting: LHB Bob Ware
|
0-0: Fly out, F4 (Line Drive, 4)
|
Batting: LHB Mike Hill
|
0-0: Ball 1-0: Called Strike 1-1: Foul Ball, location: 2F 1-2: Ball 2-2: Fly out, F4 (Line Drive, 4MD)
|
Bottom of the 9th over - 0 run(s), 0 hit(s), 0 error(s), 0 left on base; Nassau 6 - St. Louis 5 |
|